AoeStats
← ICMW-Falco

Black Forest

506378138Analyzed
1v1 RM · 19d ago on Sep 13, 2026· 62m 17s· 2 players
Game mode
Random Map
Map size
Tiny (2 player)
Population
200
Speed
Normal
Resources
Standard
Victory
Conquest
Starting age
Dark Age
Ending age
Imperial Age
RankedLock teamsTeams togetherTeam positionsShared explorationLock speedFull tech treeHidden civsTurbo modeCheats
Victory
Defeat
🇧🇷 Portuguese · Brazil
1428
+15
🇹🇷 Huns · Türkiye
1410
-15
ICMW-Falco
10:42 Feudal Age
15:15 Castle Age
13:04 Double-Bit Axe
13:13 Horse Collar
15:08 Town Watch
17:46 Husbandry
19:38 Scale Barding Armor
21:09 Chain Barding Armor
21:51 Bloodlines
26:24 Loom
27:18 Wheelbarrow
34:15 Imperial Age
32:46 Heavy Plow
32:58 Bow Saw
32:40 Gold Mining
32:40 Stone Mining
33:13 Forging
34:59 Cavalier
36:12 Fletching
37:32 Iron Casting
39:51 Plate Barding Armor
40:03 Hand Cart
40:25 Gold Shaft Mining
42:18 Capped Ram
44:09 Blast Furnace
43:29 Siege Ram
44:18 Padded Archer Armor
45:16 Bodkin Arrow
46:22 Chemistry
45:43 Ballistics
46:12 Leather Archer Armor
46:27 Bracer
46:59 Murder Holes
47:09 Elite Skirmisher
47:55 Thumb Ring
48:12 Paladin
49:14 Masonry
49:45 Conscription
50:22 Scale Mail Armor
53:29 Heavy Cavalry Archer
54:34 Parthian Tactics
55:39 Chain Mail Armor
54:47 Pikeman
55:27 Squires
55:12 Arson
itaiancorrea
0:56 Loom
14:28 Feudal Age
18:32 Castle Age
17:34 Double-Bit Axe
17:40 Horse Collar
23:14 Fletching
31:01 Bow Saw
35:07 Imperial Age
32:53 Gold Mining
32:54 Stone Mining
33:05 Heavy Plow
34:35 Wheelbarrow
33:46 Town Watch
34:15 Fortified Wall
34:26 Masonry
36:52 Chemistry
36:27 Siege Engineers
37:32 Bodkin Arrow
37:38 Scale Mail Armor
38:20 Architecture
38:22 Bracer
38:33 Forging
39:32 Arquebus
40:57 Chain Mail Armor
41:17 Iron Casting
40:19 Pikeman
41:58 Plate Mail Armor
41:33 Halberdier
43:51 Ballistics
43:55 Bombard Tower
44:56 Blast Furnace
43:58 Padded Archer Armor
44:22 Murder Holes
46:48 Treadmill Crane
48:02 Leather Archer Armor
51:15 Two-Man Saw
50:52 Stone Shaft Mining
50:54 Ring Archer Armor
50:31 Scale Barding Armor
52:30 Chain Barding Armor
62:17 Plate Barding Armor
Connection lost

Rejoining the realm…

Still unreachable

The connection could not be restored.

Session expired

The server has moved on; the page needs a fresh start.